Map: [ESL] Dragon Scales

Players

Firefly - Winner!

  • Race: Protoss Protoss
  • Spawn Location: 11:00

Has

  • Race: Protoss Protoss
  • Spawn Location: 5:00

Event: ESL SC2 Masters 2023 Summer (Regionals)

VOD

Have the link to the VOD?

Description

Time

  • Played on: May 12, 2023, 7:12 a.m.
  • Length: 5:26

All games in this series

Show
View Real Time Build Order
Export as new Build Order

Firefly Protoss - Winner!

Build Orders: Oracle Opening 

Get SALT Encoding   

  12  0:00  Probe  
  13  0:12  Probe  
  14  0:18  Pylon  
  14  0:24  Probe  
  15  0:37  Probe (Chrono Boost), Gateway  
  16  0:48  Probe (Chrono Boost)  
  17  0:50  Assimilator  
  17  0:52  Probe (Chrono Boost)  
  18  1:04  Probe (Chrono Boost)  
  19  1:05  Assimilator  
  19  1:06  Pylon  
  19  1:16  Probe (Chrono Boost)  
  20  1:23  Probe (Chrono Boost)  
  21  1:26  Cybernetics Core  
  21  1:28  Zealot  
  21  1:30  Probe  
  24  1:40  Pylon  
  24  1:43  Probe  
  25  1:55  Probe  
  26  2:02  Warp Gate (Chrono Boost)  
  26  2:04  Adept (Chrono Boost)  
  26  2:07  Pylon  
  28  2:21  Nexus  
  28  2:29  Gateway  
  28  2:31  Stalker (Chrono Boost)  
  28  2:37  Probe  
  31  2:46  Pylon  
  30  2:57  Probe  
  31  3:00  Twilight Council  
  31  3:11  Probe, Stalker  
  32  3:17  Sentry  
  34  3:23  Probe  
  34  3:25  Shield Battery  
  35  3:27  Shield Battery  
  35  3:34  Probe (Chrono Boost)  
  36  3:40  Probe (Chrono Boost)  
  37  3:45  Probe (Chrono Boost), Oracle  
  39  3:49  Probe (Chrono Boost)  
  39  3:50  Probe (Chrono Boost)  
  39  3:52  Stalker  
  42  3:59  Probe  
  42  4:00  Probe  
  42  4:02  Stalker  
  46  4:11  Probe, Pylon  
  46  4:12  Probe  
  48  4:20  Robotics Facility  
  48  4:21  Stalker  
  50  4:24  Probe  
  50  4:28  Probe  
  50  4:30  Stalker  
  54  4:35  Pylon  
  54  4:37  Probe  
  55  4:41  Pylon  
  55  4:46  Shield Battery  
  55  4:47  Pylon  
  55  4:50  Stalker  
  57  4:54  Stalker  
  57  4:58  Shield Battery  
  57  5:07  Pylon  
Show
View Real Time Build Order
Export as new Build Order

Has Protoss 

Build Orders: Phoenix Opening 

Get SALT Encoding   

  12  0:00  Probe  
  13  0:12  Probe  
  14  0:20  Pylon  
  14  0:24  Probe  
  15  0:39  Probe (Chrono Boost)  
  15  0:42  Gateway  
  16  0:47  Probe (Chrono Boost)  
  16  0:48  Assimilator  
  17  0:53  Probe  
  18  1:00  Assimilator  
  18  1:05  Probe  
  19  1:17  Probe  
  20  1:20  Pylon  
  20  1:29  Probe  
  20  1:30  Cybernetics Core  
  21  1:38  Zealot  
  23  1:41  Probe  
  24  1:53  Probe  
  25  2:06  Probe  
  26  2:10  Stargate  
  26  2:15  Stalker (Chrono Boost)  
  26  2:19  Probe  
  29  2:27  Warp Gate (Chrono Boost)  
  29  2:33  Nexus  
  30  2:38  Pylon  
  29  2:52  Gateway  
  29  2:55  Phoenix (Chrono Boost)  
  30  3:00  Probe  
  30  3:21  Gateway  
  30  3:22  Gateway  
  30  3:27  Gateway  
  30  3:29  Pylon  
  30  3:31  Probe  
  31  3:51  Gateway  
  31  4:09  Stalker  
  33  4:13  Pylon  
  33  4:17  Stalker x2  
  33  4:21  Stalker  
  39  4:27  Pylon  
  39  4:33  Stalker  
  39  4:37  Stalker  
  43  4:40  Stalker x2  
  47  4:50  Stalker  
  43  5:03  Stalker x2  
Tags
 
Add a new tag
Caveats
  • Supply blocks, unpowered buildings, or Contaminate may cause inaccurate times.
  • Supply counts are checked every 10 seconds.